 Dungeon Crawl Stone Soup version 0.29-a0-419-g77450f2105 (webtiles) character file.

Game seed: 8863512313443796494

105 Kenran the Ruffian (level 4, -7/52 HPs)
             Began as a Vampire Fighter on May 18, 2022.
             Killed from afar by Ijyb (26 damage)
             ... with a bolt of acid
             ... on level 3 of the Dungeon.
             The game lasted 00:05:32 (2478 turns).

Kenran the Ruffian (Vampire Fighter)                Turns: 2478, Time: 00:05:33

Health: -7/52      AC: 14    Str: 17    XL:     4   Next: 53%
Magic:  4/4        EV:  2    Int: 10    God:
Gold:   117        SH:  4    Dex: 13    Spells: 3/3 levels left

rFire   . . .      SeeInvis +     - Unarmed
rCold   . . .      Faith    .   b - +0 buckler
rNeg    . . .      Spirit   .   (body armour currently unavailable)
rPois   +          Reflect  .   (helmet currently unavailable)
rElec   .          Harm     .   (cloak currently unavailable)
rCorr   .          Rampage  .   (gloves currently unavailable)
Will    .....      NoTele   +   (boots currently unavailable)
Stlth   +.........              (no amulet)
HPRegen 0.37/turn               (no ring)
MPRegen 0.09/turn               (no ring)

@: tree-form, corroded, healing quickly
A: stationary, stasis, torment immunity, boosted hp, alive, (fangs 3), see
invisible, vampiric 2
a: Exsanguinate


You were on level 3 of the Dungeon.
You were a tree.
You visited 1 branch of the dungeon, and saw 3 of its levels.

You collected 117 gold pieces.

Inventory:

Hand Weapons
 i - the +4 dagger "Ufaw" {speed, rF+ rC+ rCorr Stlth-}
   (You found it on level 2 of the Dungeon)

   Attacks with this weapon are significantly faster.
   rF:        It protects you from fire.
   rC:        It protects you from cold.
   rCorr:     It protects you from acid and corrosion.
   Stlth:     It makes you less stealthy.
Armour
 b - a +0 buckler (worn)
 h - a +0 pair of gloves (melded)
 k - a +3 leather armour of willpower (melded)
Scrolls
 a - a scroll of magic mapping {unknown}
 d - a scroll of fear
 g - 2 scrolls of teleportation
 l - 2 scrolls of blinking {unknown}
 m - a scroll of enchant weapon {unknown}
 n - a scroll of identify {@r1}
 p - 2 scrolls of brand weapon {unknown}
Potions
 c - a potion of brilliance {unknown}
 e - a potion of curing {unknown}
 f - 4 potions of ambrosia
 j - a potion of lignification {!q}
 o - 2 potions of attraction {unknown}


   Skills:
 - Level 3.0 Fighting
 - Level 2.4 Armour
 - Level 2.6 Shields
 + Level 5.1 Unarmed Combat


You had 3 spell levels left.
You didn't know any spells.
Your spell library contained the following spells:

 Spells                   Type           Power      Damage    Failure   Level
 Beastly Appendage        Tmut           0%         N/A       45%         1
 Static Discharge         Conj/Air       0%         N/A       58%         2
 Wereblood                Tmut           0%         N/A       58%         2
 Spider Form              Tmut/Pois      0%         N/A       83%         3
 Summon Guardian Golem    Hex/Summ       0%         N/A       83%         3
 Swiftness                Air            0%         N/A       83%         3
 Lee's Rapid Deconstruct  Erth           0%         3d5*      100%        5
 Statue Form              Tmut/Erth      0%         N/A       100%        6
 Orb of Destruction       Conj           0%         9d5       100%        7
 Spellforged Servitor     Conj/Summ      0%         N/A       100%        7


Dungeon Overview and Level Annotations

Branches:
Dungeon (3/15)

Altars:
Ashenzari

Shops:
D:1 ((:[   D:2 =

Annotations:
D:3 Ijyb


Innate Abilities, Weirdness & Mutations

You are a tree.
Your roots penetrate the ground, keeping you stationary.
You cannot be teleported.
You are immune to unholy pain and torment.
Your maximum health is greatly increased.
Your equipment is partially melded.
Your natural rate of healing is accelerated.
((You have razor-sharp teeth.))
You have supernaturally acute eyesight. (SInv)
You are afflicted with vampirism and can become a bat while bloodless.


Message History

Ijyb hits you with a +2 dagger of speed.
You block Ijyb's attack.
Okay, then.
Ijyb hits you with a +2 dagger of speed.
Keep bloodletting? [Y]es or [N]o only, please.
Keep bloodletting? [Y]es or [N]o only, please.
Keep bloodletting? [Y]es or [N]o only, please.
Keep bloodletting? [Y]es or [N]o only, please.
Keep bloodletting?
You stop emptying yourself of blood.
Unknown command.
It was a potion of lignification.
You turn into a tree.
Your +0 pair of gloves melds into your body.
Your +3 leather armour of willpower melds into your body.
You feel less strong-willed.
Your roots penetrate the ground.
Ijyb hits you but does no damage. x2
You completely miss Ijyb. Ijyb hits you but does no damage.
You hit Ijyb.
Ijyb is lightly wounded.
Ijyb hits you with a +2 dagger of speed.
Ijyb hits you but does no damage.
You hit Ijyb.
Ijyb is moderately wounded.
Ijyb hits you but does no damage.
You hit Ijyb.
Ijyb is heavily wounded.
Ijyb hits you but does no damage.
Ijyb zaps a wand.
The bolt of acid hits you. The acid corrodes you!
You completely miss Ijyb.
Ijyb is heavily wounded.
Ijyb hits you but does no damage.
You hit Ijyb but do no damage.
Ijyb is heavily wounded.
Ijyb zaps a wand.
The bolt of acid hits you!!
Ouch! That really hurt!
You die...

##.......###.##....#.#
##.#. ##..[..##
#.###...#.# ###.
##...## #.# #...#.#
#####. ##+# #.#
#.###.# #.....
#.###.###.# #.###.
#.........# #.#...
#####.##### #.#.##
.#######.# #.#.##
......g♣.# #.....
.######### #.#.##
#.#.## #.#... #.####
#..... ######


You could see Ijyb.

Vanquished Creatures
  4 gnolls (D:2)
  2 adders
  A worm (D:3)
  3 dart slugs
  An orc (D:3)
  2 endoplasms
  5 giant cockroaches
  A goblin (D:2)
  3 hobgoblins (D:1)
  A quokka (D:1)
  3 ball pythons
  6 bats
  6 frilled lizards
  3 kobolds
  A rat (D:1)
42 creatures vanquished.

Notes
Turn   | Place    | Note
-------+----------+-------------------------------------------
     0 | D:1      | Kenran the Vampire Fighter began the quest for the Orb.
     0 | D:1      | Reached XP level 1. HP: 17/17 MP: 1/1
   131 | D:1      | Found Jatotac's Antique Armour Boutique.
   286 | D:1      | Got the Papyrus of the Dusty Birds
   364 | D:1      | Found Juups's Book Emporium.
   614 | D:1      | Found Heepp's Weapon Emporium.
   629 | D:1      | Reached XP level 2. HP: 24/24 MP: 2/2
   762 | D:1      | Found Numm's Weapon Emporium.
  1040 | D:2      | Found a broken altar of Ashenzari.
  1098 | D:2      | Found Kiceah's Jewellery Shoppe.
  1111 | D:2      | Reached skill level 3 in Unarmed Combat
  1195 | D:2      | Identified the +4 dagger "Ufaw" {speed, rF+ rC+ rCorr
                  | Stlth-}
  1393 | D:2      | Gained mutation: You are afflicted with vampirism and can
                  | become a bat while bloodless. [Vampire growth]
  1393 | D:2      | Reached XP level 3. HP: 29/29 MP: 3/3
  1429 | D:2      | Reached skill level 4 in Unarmed Combat
  1439 | D:2      | Reached XP level 4. HP: 27/35 MP: 4/4
  2058 | D:3      | Reached skill level 5 in Unarmed Combat
  2469 | D:3      | Noticed Ijyb
  2478 | D:3      | Killed from afar by Ijyb

Illustrated notes

Levels and vault maps discovered:
D:1:      dpeg_arrival_round_a, layout_loops_ring, serial_shops, shop_statue,
          nicolae_shop_statue_plus, nicolae_shop_window_shopping,
          nicolae_shop_bloodbath_and_beyond, chequers_serial_rivers_room_b
D:2:      layout_loops_cross, serial_shops, nicolae_shop_trees, basic_altar,
          minmay_lizard_pond
D:3:      layout_loops_corners, uniq_ijyb

Skill      XL: |  1  2  3  4 |
---------------+-------------+-----
Fighting       | 3 |  3.0
Unarmed Combat | 3 4 5 |  5.1
Armour         | |  2.4
Shields        | |  2.6

Action                   |  1- 3 |  4- 6 || total
-------------------------+-------+-------++-------
Melee: Unarmed           |    87 |    51 ||   138
       Bite              |     9 |     5 ||    14
 Abil: Exsanguinate      |       |     1 ||     1
  Use: Scroll            |     3 |       ||     3
       Potion            |     1 |     1 ||     2
Armor: Scale mail        |    23 |       ||    23
       Leather armour    |     7 |    24 ||    31
       Skin              |       |     7 ||     7
Dodge: Dodged            |    32 |    16 ||    48
Block: Buckler           |    23 |     8 ||    31

Table legend: (Time is in decaauts)
 A = Elapsed time spent in this place.
 B = Non-inter-level travel time spent in this place.
 C = Inter-level travel time spent in this place.
 D = Time resting spent in this place.
 E = Time spent auto-exploring this place.
 F = Levels seen in this place.
 G = Mean time per level.
                   A        B        C        D        E       F      G
               +--------+--------+--------+--------+--------+-----+--------+
         Total |   2479 |   2389 |     90 |    202 |   1705 |   3 |  826.3 |
       Dungeon |   2479 |   2389 |     90 |    202 |   1705 |   3 |  826.3 |
               +--------+--------+--------+--------+--------+-----+--------+

Top non-repeatable levels by time:
     D:1: 1034 daAuts
     D:2: 773 daAuts
     D:3: 670 daAuts
